 Dungeon Crawl Stone Soup version 0.22.0-38-g04b72b8 (webtiles) character file.

68 HandsomeConkers the Shooter (level 4, 0/38 HPs)
             Began as a Centaur Hunter on Aug 29, 2018.
             Slain by a gnoll (3 damage)
             ... on level 2 of the Dungeon.
             The game lasted 00:05:05 (1377 turns).

HandsomeConkers the Shooter (Centaur Hunter)        Turns: 1377, Time: 00:05:06

Health: 0/38       AC:  4    Str: 15    XL:     4   Next: 1%
Magic:  4/4        EV:  9    Int: 11    God:
Gold:   132        SH:  0    Dex:  9    Spells: 3/3 levels left

rFire    . . .     SeeInvis .   a - +1 shortbow
rCold    . . .     Gourm    .   (shield currently unavailable)
rNeg     . . .     Faith    .   c - +0 leather armour
rPois    .         Spirit   .   (no helmet)
rElec    .         Reflect  .   (no cloak)
rCorr    .         Harm     .   (no gloves)
MR       .....                  (no barding)
Stlth    +.........             (no amulet)
HPRegen  0.12/turn              (no ring)
MPRegen  0.09/turn              (no ring)

@: very quick
A: large, hooves 3, deformed body, speed 2, tough skin 3
a: no special abilities


You were on level 2 of the Dungeon.
You were not hungry.

You visited 1 branch of the dungeon, and saw 2 of its levels.

You collected 132 gold pieces.

Inventory:

Hand Weapons
 a - a +1 shortbow (weapon)
 b - a +0 short sword
Missiles
 d - 15 arrows (quivered)
 j - 41 bolts
 k - 53 stones
Armour
 c - a +0 leather armour (worn)
 e - a +0 robe
Jewellery
 g - an uncursed amulet of harm {unknown}
 l - an uncursed ring of protection from magic {unknown}
Scrolls
 h - a scroll of identify {unknown}
 n - a scroll of remove curse {unknown}
Potions
 m - a potion of lignification {unknown}
 o - a potion of mutation {unknown}
Comestibles
 f - 5 rations
 i - 5 chunks of flesh


   Skills:
 * Level 3.0 Fighting
 * Level 6.1 Bows
 + Level 1.8 Dodging
 + Level 1.0 Stealth


You had 3 spell levels left.
You didn't know any spells.
Your spell library was empty.

Dungeon Overview and Level Annotations

Branches:
Dungeon (2/15)

Altars:


Innate Abilities, Weirdness & Mutations

You have hooves in place of feet.
Armour fits poorly on your strangely shaped body.
You cover ground very quickly.
You have extremely tough skin. (AC +3)


Message History

Your Stealth skill increases to level 1!
You have reached level 4!
You feel stronger. The gnoll hits you but does no damage.
The gnoll barely misses you.
Firing (i - inventory. (/) - cycle)
d - 17 arrows (quivered)
Press: ? - help, Shift-Dir - straight line, f - gnoll
Aim: a gnoll (lightly wounded)
You shoot an arrow. The arrow hits the gnoll.
The gnoll is heavily wounded.
The gnoll hits you!
* * * LOW HITPOINT WARNING * * *
The gnoll hits you.
* * * LOW HITPOINT WARNING * * *
The hobgoblin hits you.
* * * LOW HITPOINT WARNING * * *
Firing (i - inventory. (/) - cycle)
d - 16 arrows (quivered)
Press: ? - help, Shift-Dir - straight line, f/p - gnoll
Aim: a gnoll (heavily wounded)
You shoot an arrow. The arrow closely misses the gnoll.
The gnoll hits you.
You die...

#≈# #######.###### #.##÷
+.# ##.## #.... #.#
#...# ##.## #.. #...#
#.# ## #...# ######.##
#...# #........
######...####.#......
...#.(g....).....#......
(.((((g@................
.(.#..g..........#......
######...####....÷...
#...# ###...... #.#.#
##....# #...# #.###.
#.... #.## ## ###### #.
# #.# ##


You could see 2 gnolls and a hobgoblin.

Vanquished Creatures
  2 gnolls (D:2)
  An adder (D:2)
  An ooze (D:1)
  A dart slug (D:2)
  A giant cockroach (D:2)
  8 goblins
  3 hobgoblins
  5 kobolds
  6 bats
  2 frilled lizards (D:1)
  5 rats
35 creatures vanquished.

Notes
Turn   | Place    | Note
-------+----------+-------------------------------------------
     0 | D:1      | HandsomeConkers the Centaur Hunter began the quest for the Orb.
     0 | D:1      | Reached XP level 1. HP: 17/17 MP: 1/1
   158 | D:1      | Reached XP level 2. HP: 21/24 MP: 2/2
  1043 | D:2      | Reached XP level 3. HP: 25/30 MP: 3/3
  1369 | D:2      | Reached skill level 6 in Bows
  1375 | D:2      | Reached skill level 1 in Stealth
  1375 | D:2      | Reached XP level 4. HP: 18/38 MP: 4/4
  1377 | D:2      | Slain by a gnoll

Skill      XL: |  1  2  3 |
---------------+----------+-----
Bows           | 6 |  6.1
Fighting       | 3 |  3.0
Stealth        | 1 |  1.0
Dodging        | |  1.8

Action                   |  1- 3 |  4- 6 || total
-------------------------+-------+-------++-------
 Fire: Shortbow          |   111 |     2 ||   113
Armor: Leather armour    |     9 |     1 ||    10
Dodge: Dodged            |    23 |     1 ||    24
